 Dungeon Crawl Stone Soup version 0.26-a0-651-gb41185065b (webtiles) character file.

Game seed: 6049526729607485754

116 kae the Ruffian (level 4, -3/35 HPs)
             Began as a Draconian Transmuter on Oct 22, 2020.
             Killed from afar by an orc wizard (8 damage)
             ... with a puff of flame
             ... on level 2 of the Dungeon.
             The game lasted 00:01:27 (2064 turns).

kae the Ruffian (Draconian Transmuter)              Turns: 2064, Time: 00:01:27

Health: -3/35      AC:  2    Str: 13    XL:     4   Next: 69%
Magic:  1/7        EV: 19    Int: 13    God:
Gold:   66         SH:  0    Dex: 17    Spells: 1/7 levels left

rFire    . . .     SeeInvis .     - Unarmed
rCold    . . .     Faith    .   (shield currently unavailable)
rNeg     . . .     Spirit   .   (armour unavailable)
rPois    x         Reflect  .   (helmet currently unavailable)
rElec    .         Harm     .   (cloak currently unavailable)
rCorr    .         Rampage  .   (gloves currently unavailable)
MR       .....                  (boots currently unavailable)
Stlth    ++........             (no amulet)
HPRegen  0.11/turn              (no ring)
MPRegen  0.10/turn              (no ring)

@: spider-form (expiring), very slightly contaminated
A: tiny, unfitting armour, AC +5
a: End Transformation


You were on level 2 of the Dungeon.
You were a venomous arachnid creature.
You visited 1 branch of the dungeon, and saw 2 of its levels.

You collected 66 gold pieces.

Inventory:

Wands
 c - a wand of iceblast (11)
Scrolls
 a - a scroll of amnesia {unknown}
 d - 3 scrolls of remove curse
 e - 3 scrolls of identify
 h - a scroll of enchant weapon {unknown}
 i - 2 scrolls of magic mapping {unknown}
Potions
 b - a potion of curing
 f - a potion of lignification {unknown}
 g - a potion of degeneration {unknown}


   Skills:
 - Level 1.1 Fighting
 - Level 1.7 Dodging
 * Level 4.8 Unarmed Combat
 - Level 2.0 Spellcasting
 + Level 3.2 Transmutations


You had one spell level left.
You knew the following spells:

 Your Spells              Type           Power        Failure   Level
a - Beastly Appendage     Tmut           #.....       19%         1
b - Wereblood             Tmut           #.......     26%         2
c - Spider Form           Tmut/Pois      #.........   58%         3

Your spell library contained the following spells:

 Spells                   Type           Power        Failure   Level
 Ice Form                 Ice/Tmut       #.......     91%         4
 Blade Hands              Tmut           #.........   96%         5


Dungeon Overview and Level Annotations

Branches:
Dungeon (2/15)

Altars:


Innate Abilities, Weirdness & Mutations

((Your plain brown scales are hard. (AC +5)))
You cannot fit into any form of body armour.
((You are cold-blooded and may be slowed by cold attacks.))


Message History

The spell is quite dangerous to cast (36% risk of failure)!
Continue anyway?
Your horns disappear.
Your talons disappear.
You turn into a venomous arachnid creature.
There are monsters nearby!
You hit the orc wizard but do no damage.
The orc wizard casts a spell at you. The magic dart hits you!
You barely miss the orc wizard.
The orc wizard miscasts a cantrip.
You bite the orc wizard!
The orc wizard is poisoned.
The orc wizard is severely wounded.
The orc wizard points at you and mumbles some strange words.
The magic dart hits you!
* * * LOW HITPOINT WARNING * * *
You hit the orc wizard but do no damage.
The orc wizard is severely wounded.
Your transformation is almost over.
The orc wizard points at you and mumbles some strange words.
The puff of flame hits you!
You die...

#............### ##.##..####...#
###............# ##.......######
#.(...........# #.....##.##
##....................##..# #
##..############.....###.## #
#..# ###.....# #..## # #..#
##.).....# ##..# # ##.####
#..####### ##.#
######)รท..######s## ###.###
.......##.....##o#### #......
........####....o...#######......
........# #...>.................
<.......####........#######......
....................# #......
........####........# #......
........# #........# #######
........# #........#


You could see an orc wizard (fast, very poisoned) and an orc.

Vanquished Creatures
  An orc priest (D:2)
  4 adders (D:2)
  A worm (D:2)
  A dart slug (D:1)
  3 leopard geckos
  An orc (D:2)
  2 giant cockroaches (D:2)
  6 goblins
  9 hobgoblins
  2 jackals (D:2)
  A bat (D:1)
  A frilled lizard (D:2)
  5 kobolds
  4 rats
41 creatures vanquished.

Vanquished Creatures (others)
  3 plants (D:1)
3 creatures vanquished.

Grand Total: 44 creatures vanquished

Notes
Turn   | Place    | Note
-------+----------+-------------------------------------------
     0 | D:1      | kae the Draconian Transmuter began the quest for the Orb.
     0 | D:1      | Reached XP level 1. HP: 16/16 MP: 3/3
   176 | D:1      | Reached XP level 2. HP: 21/23 MP: 3/5
   182 | D:1      | Learned a level 2 spell: Wereblood
  1093 | D:2      | Reached XP level 3. HP: 23/28 MP: 4/6
  1105 | D:2      | Reached skill level 4 in Unarmed Combat
  1139 | D:2      | HP: 1/28 [poisoned by an adder]
  1503 | D:2      | Reached XP level 4. HP: 35/35 MP: 5/7
  1890 | D:2      | Learned a level 3 spell: Spider Form
  2064 | D:2      | Killed from afar by an orc wizard

Illustrated notes

Levels and vault maps discovered:
D:1:      dpeg_arrival_long_road, layout_basic, serial_forest,
          infiniplex_forest_lined_3, infiniplex_forest_lined_2,
          infiniplex_forest_end_3, infiniplex_forest_zigzag_2,
          infiniplex_forest_lined_4_way, infiniplex_forest_clump_long,
          infiniplex_forest_clump_double, minmay_misc_feat_tiny,
          minmay_split_cup_small
D:2:      layout_rooms

Skill      XL: |  1  2  3  4 |
---------------+-------------+-----
Unarmed Combat | 4 |  4.8
Transmutations | 3 |  3.2
Fighting       | |  1.1
Dodging        | |  1.7
Spellcasting   | |  2.0

Action                   |  1- 3 |  4- 6 || total
-------------------------+-------+-------++-------
Melee: Unarmed           |   106 |    33 ||   139
       Headbutt          |     8 |     3 ||    11
       Kick              |    17 |    10 ||    27
       Tailslap          |    11 |     7 ||    18
 Cast: Beastly Appendage |    17 |     5 ||    22
       Spider Form       |       |     1 ||     1
  Use: Scroll            |     2 |       ||     2
       Potion            |     3 |       ||     3
Armor: Skin              |    32 |     7 ||    39
Dodge: Dodged            |    70 |    20 ||    90

Table legend: (Time is in decaauts)
 A = Elapsed time spent in this place.
 B = Non-inter-level travel time spent in this place.
 C = Inter-level travel time spent in this place.
 D = Time resting spent in this place.
 E = Time spent auto-exploring this place.
 F = Levels seen in this place.
 G = Mean time per level.
                   A        B        C        D        E       F      G
               +--------+--------+--------+--------+--------+-----+--------+
         Total |   2054 |   2004 |     50 |    304 |   1381 |   2 | 1027.0 |
       Dungeon |   2054 |   2004 |     50 |    304 |   1381 |   2 | 1027.0 |
               +--------+--------+--------+--------+--------+-----+--------+

Top non-repeatable levels by time:
     D:1: 1382 daAuts
     D:2: 672 daAuts
